 Dungeon Crawl Stone Soup version 0.17.1-3-g152610e (webtiles) character file.

89 Zetta the Skirmisher (level 4, -8/37 HPs)
             Began as a Formicid Abyssal Knight on Feb 24, 2016.
             Was a Believer of Lugonu.
             Mangled by Sigmund
             ... wielding a +2 scythe of venom
              (14 damage)
             ... on level 2 of the Dungeon.
             The game lasted 00:09:12 (1631 turns).

Zetta the Skirmisher (Formicid Abyssal Knight)      Turns: 1631, Time: 00:09:12

Health: -8/37      AC:  5    Str: 18    XL:     4   Next: 84%
Magic:  6/6        EV:  8    Int: 11    God:    Lugonu [**....]
Gold:   63         SH:  8    Dex: 10    Spells: 0 memorised, 3 levels left

rFire  . . .     SeeInvis +     a - +1 falchion
rCold  . . .     Clarity  .     j - +0 ring mail
rNeg   . . .     SustAt   .     l - +0 shield
rPois  .         Gourm    .     (helmet unavailable)
rElec  .         Spirit   .     (no cloak)
rCorr  .         Warding  .     (no gloves)
rMut   .         Stasis   +     (no boots)
MR     .....                    (no amulet)
Stlth  ..........               (no ring)
                                (no ring)

@: not resistant to hostile enchantments, extremely unstealthy
A: permanent stasis, dig shafts and tunnels, four strong arms, antennae 3
a: Dig, Shaft Self, Depart the Abyss, Bend Space, Renounce Religion


You were on level 2 of the Dungeon.
You worshipped Lugonu.
Lugonu was pleased with you.
You were not hungry.

You visited 1 branch of the dungeon, and saw 2 of its levels.
You visited the Abyss 1 time.

You collected 63 gold pieces.

Inventory:

Hand Weapons
 a - a +1 falchion (weapon)
Armour
 b - a +0 leather armour
 j - a +0 ring mail (worn)
 l - a +0 shield (worn)
Comestibles
 c - a bread ration
 d - 8 chunks of flesh
 n - a beef jerky


   Skills:
 + Level 4.0 Fighting
 + Level 2.3 Long Blades
 + Level 3.1 Armour
 - Level 1.0 Dodging
 + Level 1.9 Shields
 + Level 3.1 Invocations


You had 3 spell levels left.
You didn't know any spells.

Dungeon Overview and Level Annotations

Branches:
Dungeon (2/15)

Altars:

Annotations:
D:2 Sigmund


Innate Abilities, Weirdness & Mutations

You are under a permanent stasis effect.
You can dig through walls and to a lower floor.
Your four strong arms can wield two-handed weapons with a shield.
You have a pair of large antennae on your head (SInv).


Message History

You hit Sigmund.
Sigmund is heavily wounded.
You block Sigmund's attack.
Your shield and ring mail prevent you from hitting Sigmund.
Sigmund is heavily wounded.
Sigmund hits you with a scythe of venom.
* * * LOW HITPOINT WARNING * * *
Drink which item? (? for menu, Esc to quit)
It was a potion of cancellation.
You feel magically purged.
Sigmund flickers, as though insubstantial.
You block Sigmund's attack.
You barely miss Sigmund.
Sigmund is heavily wounded.
You hit Sigmund but do no damage.
Sigmund is heavily wounded.
Sigmund barely misses you.
You hit Sigmund.
Sigmund is heavily wounded.
Sigmund hits you with a scythe of venom!
You die...

# #. #.# .###.
#.# ....##.#
#..##.# ..
#.##.####...
#...........
#......#
#..#@#...... #.
####..#@# #####
#...##.....#.#
{{{ .
#.....<##.##)#
.g
#...####...#.#
{K.. #).
#...#รท# {...K #
##.##.### .....
#......###..$...
#...............
#......>##......


You could see Sigmund.

Vanquished Creatures
  Ijyb (D:2)
  An adder (D:2)
  2 oozes (D:1)
  A worm (D:2)
  A ball python (D:1)
  4 giant cockroaches
  6 goblins (D:1)
  A hobgoblin (D:1)
  8 jackals
  A quokka (D:2)
  4 bats (D:1)
  3 giant geckos (D:1)
  A giant newt (D:1)
  3 kobolds
  2 rats (D:1)
39 creatures vanquished.

Notes
Turn   | Place    | Note
--------------------------------------------------------------
     0 | Abyss:1  | Zetta the Formicid Abyssal Knight began the quest for the Orb.
     0 | Abyss:1  | Reached XP level 1. HP: 18/18 MP: 2/2
     7 | D:1      | Escaped the Abyss
   398 | D:1      | Reached XP level 2. HP: 23/25 MP: 3/3
   431 | D:1      | Reached skill level 1 in Dodging
   793 | D:1      | Reached ** piety under Lugonu
   819 | D:1      | Reached XP level 3. HP: 27/30 MP: 4/4
  1126 | D:1      | Reached skill level 1 in Shields
  1488 | D:2      | Noticed Ijyb
  1513 | D:2      | Reached XP level 4. HP: 32/37 MP: 4/6
  1543 | D:2      | Killed Ijyb
  1543 | D:2      | Reached skill level 4 in Fighting
  1612 | D:2      | Noticed Sigmund
  1631 | D:2      | Mangled by Sigmund

Action                   |  1- 3 |  4- 6 || total
-------------------------+-------+-------++-------
Melee: Falchion          |   142 |    34 ||   176
  Use: Scroll            |     4 |       ||     4
       Potion            |     6 |     3 ||     9
  Eat: Beef jerky        |     1 |       ||     1
       Chunk             |     1 |       ||     1
